 Dungeon Crawl Stone Soup version 0.30.1-4-g462c640d31 (webtiles) character file.

Game seed: 16379634108917219339

24 booth the Ruffian (level 2, -3/28 HPs)
             Began as a Troll Gladiator on Sept 18, 2023.
             Slain by Natasha (5 damage)
             ... on level 2 of the Dungeon.
             The game lasted 00:06:30 (1115 turns).

booth the Ruffian (Troll Gladiator)                 Turns: 1115, Time: 00:06:30

Health: -3/28      AC:  5    Str: 21    XL:     2   Next: 79%
Magic:  1/1        EV: 10    Int:  4    God:
Gold:   60         SH:  0    Dex: 11    Spells: 1/1 levels left

rFire   . .          .
                       - Unarmed
rCold   . . .        (no shield)
rNeg    . . .        a - +0 robe
rPois   .            b - +1 hat
rElec   .            (no cloak)
rCorr   .            (gloves unavailable)
SInv    .            (boots unavailable)
Will    .....        (no amulet)
Stlth   +            (no ring)
HPRegen 1.04/turn    (no ring)
MPRegen 0.07/turn

%: no passive effects
@: lethally poisoned (-3 -> -4), slowed, very slow
A: large, unfitting armour, claws 3, regeneration 1, shaggy fur 1, tough skin 1
a: no special abilities


You were on level 2 of the Dungeon.
You visited 1 branch of the dungeon, and saw 2 of its levels.

You collected 60 gold pieces.

Inventory:

Hand Weapons
 l - a +0 mace
Missiles
 c - 3 throwing nets (quivered)
 d - a large rock
Armour
 a - a +0 robe (worn)
 b - a +1 hat (worn)
Potions
 i - a potion of brilliance
 k - a potion of invisibility {unknown}


   Skills:
 + Level 2.0 Fighting
 + Level 2.1 Throwing
 + Level 2.6 Dodging
 + Level 3.2 Unarmed Combat


You had one spell level left.
You didn't know any spells.
Your spell library was empty.

Dungeon Overview and Level Annotations

Branches:
Dungeon (2/15)

Altars:

Annotations:
D:2 Natasha


Innate Abilities, Weirdness & Mutations

You are too large for most types of armour.
You have claws for hands.
Your natural rate of healing is unusually fast.
You are covered in fur. (AC +1)
You have tough skin. (AC +1)


Message History

Natasha wildly gestures.
Natasha glows brightly for a moment.
The kobold barely misses you.
You miss the adder.
The adder is heavily wounded.
The adder barely misses you. The giant cockroach closely misses you.
The adder bites you.
You are poisoned.
The adder poisons you! The giant cockroach closely misses you.
The kobold hits you but does no damage. The cerulean imp closely misses you.
You completely miss the adder.
The adder is heavily wounded.
You feel sick. The adder bites you.
The giant cockroach bites you but does no damage.
The cerulean imp hits you but does no damage.
The kobold hits you but does no damage. Natasha claws you!
The cerulean imp misses you. The adder bites you but does no damage.
The giant cockroach barely misses you.
You miss the adder.
The adder is moderately wounded.
You feel sick. The cerulean imp barely misses you.
The kobold closely misses you. Natasha casts a spell at you.
The magic dart hits you. The adder bites you but does no damage.
The cerulean imp closely misses you. The giant cockroach barely misses you.
The cerulean imp hits you but does no damage.
The adder bites you. The kobold barely misses you.
Natasha stares at you and mumbles some strange words.
The magic dart hits you.
* * * LOW HITPOINT WARNING * * *
You claw the giant cockroach!
You kill the giant cockroach!
You feel sick. The cerulean imp barely misses you.
The adder bites you but does no damage.
The cerulean imp hits you from afar with a +1 spear.
* * * LOW HITPOINT WARNING * * *
The kobold hits you with a +0 whip.
* * * LOW HITPOINT WARNING * * *
Natasha claws you.
You die...

..(........# #.#
.?.........##..#
...............##
........!.......#
#................
#................
........KS.......
.......<†@.......
#........h.......
#.......5.5......
##..............#
#.......##.....##
#.####### .#####
. .# ..


You could see Natasha, 2 cerulean imps, an adder and a kobold.

Vanquished Creatures
  An endoplasm (D:1)
  2 giant cockroaches
  2 goblins (D:1)
  3 hobgoblins (D:1)
  3 kobolds (D:1)
  2 quokkas (D:1)
  5 ball pythons
  3 bats (D:1)
  2 frilled lizards
  A rat (D:1)
24 creatures vanquished.

Notes
Turn   | Place    | Note
-------+----------+-------------------------------------------
     0 | D:1      | booth the Troll Gladiator began the quest for the Orb.
     0 | D:1      | Reached XP level 1. HP: 19/19 MP: 0/0
   263 | D:1      | Reached XP level 2. HP: 28/28 MP: 1/1
   738 | D:1      | Found a faded altar of an unknown god.
  1107 | D:2      | Noticed Natasha
  1115 | D:2      | Slain by Natasha

Illustrated notes

Levels and vault maps discovered:
D:1:      nicolae_arrival_somewhat_less_tricky_arrival, layout_basic,
          dreamdust_ecumenical_altar_hidden_monk_grotto
D:2:      layout_rooms, serial_bayou_pond_b, serial_park_tiny_1, uniq_jessica,
          uniq_natasha

Skill      XL: |  1  2 |
---------------+-------+-----
Throwing       | 2 |  2.1
Fighting       | 2 |  2.0
Dodging        | |  2.6
Unarmed Combat | |  3.2

Action                     || total
---------------------------++-------
  Melee: Unarmed           ||    63
         Punch             ||     2
    Use: Scroll            ||     6
         Potion            ||     1
 Armour: Robe              ||    29
  Dodge: Dodged            ||    47
